AoeStats
← Long John Silver

Black Forest

508652778Analyzed
3v3 RM · 8d ago on Sep 23, 2026· 23m 37s· 6 players
Game mode
Random Map
Map size
Normal (6 player)
Population
200
Speed
Normal
Resources
Standard
Victory
Conquest
Starting age
Dark Age
Ending age
Imperial Age
RankedLock teamsTeams togetherTeam positionsShared explorationLock speedFull tech treeHidden civsTurbo modeCheats
Victory
Defeat
🇫🇷 Britons · France
1535
+13
🇫🇷 Saracens · France
1503
+15
🇫🇷 Saxons · France
1460
+16
🇩🇪 Saracens · Germany
1511
-16
🇲🇴 Italians · Macao SAR China
1472
-15
🇬🇧 Jurchens · United Kingdom
1438
-13
jimmy211211
1:09 Loom
11:09 Feudal Age
14:41 Castle Age
19:19 Horse Collar
ash.burlaczenko
10:35 Feudal Age
15:14 Castle Age
13:49 Double-Bit Axe
14:12 Horse Collar
19:17 Loom
Long John Silver
9:39 Feudal Age
10:13 Double-Bit Axe
14:05 Fletching
22:06 Castle Age
20:48 Gold Mining
20:38 Horse Collar
22:46 Wheelbarrow
22:06 Crossbowman
22:42 Bodkin Arrow
24:10 Padded Archer Armor
ccereal
8:24 Feudal Age
8:53 Double-Bit Axe
9:29 Gold Mining
12:01 Fletching
13:47 Padded Archer Armor
14:58 Loom
19:37 Castle Age
18:21 Horse Collar
18:32 Gold Mining
19:38 Crossbowman
20:13 Bodkin Arrow
22:23 Leather Archer Armor
Superbrasseur
0:53 Loom
11:45 Feudal Age
16:53 Gold Mining
18:04 Wheelbarrow
17:45 Horse Collar
20:01 Stone Mining
24:18 Castle Age
23:05 Fletching
Flybidi
10:42 Feudal Age
14:28 Castle Age
13:40 Scale Barding Armor
19:15 Chain Barding Armor
19:57 Double-Bit Axe
21:22 Bloodlines
23:05 Chain Barding Armor
Connection lost

Rejoining the realm…

Still unreachable

The connection could not be restored.

Session expired

The server has moved on; the page needs a fresh start.